 Dungeon Crawl Stone Soup version 0.17-a0-1831-gaadb308 (webtiles) character file.

996033 Kolbur the Merfolkian Porcupine (level 27, -19/222 HPs)
             Began as a Merfolk Ice Elementalist on Sept 6, 2015.
             Was the Champion of Makhleb.
             Killed from afar by a Brimstone Fiend (30 damage)
             ... with a blast of hellfire
             ... on level 7 of Gehenna on Sept 14, 2015.
             The game lasted 1 day 03:41:21 (40816 turns).

Kolbur the Merfolkian Porcupine (MfIE)         Turns: 40816, Time: 1 , 03:41:21

Health: -19/222    AC: 22    Str:  6    XL:     27
Magic:  26/43      EV: 43    Int: 18    God:    Makhleb [******]
Gold:   2321       SH:  0    Dex: 36    Spells: 15 memorised, 2 levels left

rFire  + + .     SeeInvis .     a - +9 bardiche (venom)
rCold  + . .     Clarity  .     O - +4 troll leather armour
rNeg   + + .     SustAt   .     (no shield)
rPois  +         Gourm    .     S - +2 helmet {Int+3}
rElec  +         Spirit   .     R - +2 cloak {MR+}
rCorr  +         Warding  +     j - +2 pair of gloves {Dex+3}
rMut   .         Stasis   .     D - +2 pair of boots {run}
MR     +++..                    F - amulet "Eclawn" {Ward +Fly rPois rN+ Str-2}
Stlth  +++++++++.               n - ring of Divine Compulsion {rN+ Dex+3}
                                f - ring of protection from fire

@: agile, resistant, very slightly contaminated, hasted, deflect missiles, very
quick, extremely resistant to hostile enchantments, incredibly stealthy
A: change form in water, swift swim, dopey 1
a: Minor Destruction, Lesser Servant of Makhleb, Major Destruction, Greater
Servant of Makhleb, Renounce Religion, Evoke Flight
}: 15/15 runes: decaying, slimy, silver, golden, iron, obsidian, icy, bone,
abyssal, demonic, glowing, magical, fiery, dark, gossamer


You were on level 7 of Gehenna.
You worshipped Makhleb.
Makhleb was exalted by your worship.
You were not hungry.

You visited 15 branches of the dungeon, and saw 83 of its levels.
You visited Pandemonium 3 times, and saw 56 of its levels.
You visited the Abyss 2 times.
You visited 1 ziggurat, and saw 8 of its levels.
You also visited: Labyrinth, Sewer and Bailey.

You collected 2658 gold pieces.
You spent 337 gold pieces at shops.

Inventory:

Hand weapons
 a - a +9 bardiche of venom (weapon)
 u - a +2 blowgun of evasion
Missiles
 v - 31 curare-tipped needles
 W - 2 throwing nets (quivered)
Armour
 j - a +2 pair of gloves of dexterity (worn)
 D - a +2 pair of boots of running (worn)
 O - a +4 troll leather armour (worn)
 R - a +2 cloak of magic resistance (worn)
 S - a +2 helmet of intelligence (worn)
Magical staves
 e - an uncursed staff of energy
Rods
 w - a +2 lightning rod (13/13)
   (You found it on level 3 of the Crypt)
 B - a +3 rod of inaccuracy (12/12)
   (You took it off a tengu reaver on level 5 of the Vaults)
Jewellery
 f - a ring of protection from fire (left hand)
 m - an uncursed ring of protection from magic
 n - the ring of Divine Compulsion (right hand) {rN+ Dex+3}
   (You found it on level 3 of the Crypt)

   [ring of positive energy]

   It affects your dexterity (+3).
   It protects you from negative energy.
 r - an uncursed amulet of regeneration
 t - an uncursed ring of teleportation
 F - the amulet "Eclawn" (around neck) {Ward +Fly rPois rN+ Str-2}
   (You found it on level 3 of the Crypt)

   [amulet of warding]

   It may prevent the melee attacks of summoned creatures.
   It affects your strength (-2).
   It protects you from poison.
   It protects you from negative energy.
   It lets you fly.
 G - the ring "Anyje" {Str+5 Dex+6}
   (You found it on level 6 of the Pits of Slime)

   [ring of strength]

   It affects your strength (+5).
   It affects your dexterity (+6).
 I - an uncursed ring of protection from cold
Magical devices
 s - a wand of teleportation (3)
 C - a wand of digging (17)
 M - a wand of heal wounds (3)
 Z - a wand of digging (7)
Scrolls
 i - 14 scrolls of identify
 l - a scroll of summoning
 q - 13 scrolls of remove curse
 x - 5 scrolls of fog
 y - 4 scrolls of teleportation
 K - 2 scrolls of magic mapping
Potions
 d - 7 potions of lignification
 g - 3 potions of cancellation
 h - 6 potions of agility
 k - a potion of ambrosia
 z - 9 potions of curing
 E - 2 potions of cure mutation
 J - 8 potions of brilliance
 P - a potion of haste
 T - a potion of magic
 Y - a potion of resistance
Miscellaneous
 b - an ornate deck of escape {Velocity}
 p - an ornate deck of summoning {drawn: 3}
 A - a lamp of fire
 L - a phial of floods
 U - the horn of Geryon (inert)
 X - a fan of gales
Comestibles
 c - 2 bread rations
 o - 17 fruits


   Skills:
 + Level 19.6 Fighting
 O Level 27 Polearms
 - Level 6.3 Armour
 + Level 23.2 Dodging
 + Level 19.9 Stealth
 - Level 16.0 Spellcasting
   Level 0.7 Conjurations
 - Level 10.1 Hexes
 - Level 14.0 Charms
 - Level 10.0 Summonings
 - Level 2.1 Necromancy
 - Level 8.0 Translocations
 - Level 10.0 Ice Magic
 - Level 7.0 Air Magic
 - Level 13.0 Invocations
 - Level 12.0 Evocations


You had 2 spell levels left.
You knew the following spells:

 Your Spells              Type           Power        Failure   Level  Hunger
b - Blink                 Tloc           N/A          1%          2    None
c - Song of Slaying       Chrm           ######..     1%          2    None
g - Passage of Golubria   Tloc           N/A          1%          4    None
h - Haste                 Chrm           ######..     2%          6    #####..
i - Invisibility          Hex            ######..     17%         6    #####..
j - Aura of Abjuration    Summ           ######....   2%          5    ###....
m - Deflect Missiles      Chrm/Air       ######....   14%         6    #####..
o - Ozocubu's Armour      Chrm/Ice       ######..     1%          3    None
r - Regeneration          Chrm/Necr      #####.....   1%          3    None
s - Condensation Shield   Ice            ######....   1%          4    None
w - Spectral Weapon       Hex/Chrm       ######..     1%          3    None
z - Apportation           Tloc           #####.....   1%          1    None
B - Summon Butterflies    Summ           ######..     1%          1    None
S - Silence               Hex/Air        #####.....   6%          5    ###....
W - Warp Weapon           Chrm/Tloc      ######....   1%          5    ###....


Dungeon Overview and Level Annotations

Branches:
Dungeon (15/15)            Temple (1/1) D:7            Lair (8/8) D:11
  Swamp (4/4) Lair:5       Spider (4/4) Lair:3        Slime (6/6) Lair:6
 Vaults (5/5) D:13          Crypt (3/3) Vaults:3       Tomb (3/3) Crypt:3
 Depths (5/5) D:15           Hell (1/1)                 Dis (7/7) Hell
    Geh (7/7) Hell            Coc (7/7) Hell            Tar (7/7) Hell
    Zot (0/5) Depths:5
    Orc: D:9-12

Altars:
Ashenzari
Cheibriados
Fedhas
Kikubaaqudgha
Makhleb
Nemelex Xobeh
Okawaru
Qazlal
Ru
Sif Muna
Trog
Xom
Yredelemnul
Zin
The Shining One

Shops:
D:15 *   Vaults:2 =

Portals:
Hell: Depths:4 Depths:5
Abyss: Depths:4
Pandemonium: Depths:1

Annotations:
D:4 Grinder
D:10 4thArraOfDagon's ghost, experienced TrCK; Harold
Vaults:5 asdu's ghost, mighty DESu
Tomb:3 Ajdolov's ghost, great MiGl
Dis:5 7 runed doors
Dis:7 Dispater
Geh:7 Asmodeus
Coc:7 exclusion: ice statue, Antaeus
Tar:7 Ereshkigal


Innate Abilities, Weirdness & Mutations

You revert to your normal form in water.
You are very nimble and swift while swimming.
You are dopey. (Int -2)


Message History

Unknown command.
Evoke which item? (* to show all) (? for menu, Esc to quit)
Okay, then.
Read which item? (? for menu, Esc to quit)
As you read the scroll of fog, it crumbles to dust.
The scroll dissolves into smoke.
The balrug gestures at you. Something smites you!
* * * LOW HITPOINT WARNING * * *
Wield which item (- for none, * to show all)? (? for menu, Esc to quit)
You are already wielding that!
Unknown command.
Unknown command.
Char dumped successfully.
Read which item? (? for menu, Esc to quit)
As you read the scroll of fog, it crumbles to dust.
The scroll dissolves into smoke.
The Brimstone Fiend gestures at you.
The hellfire explodes!
The blast of hellfire engulfs you!
You die...

......## #...##.^.##*######***,,
.....#*####...##..'##########**+,
....#*##$').).##.'''##$$).$$#*+++
...#*##$$''...####'.##$$§§§$#*,+*
..#* #|.$###### #.}##$$§&§$#*,,*
..## #.)$###### #."##$$1§§$#*,,*
...####$$''...####§$##$....$#*,+*
....####$''...##§§''##......#*+++
.....######...##@§'#####'§###**+,
......## #...##§§†#####''###**,,
≈......## #...##§†..##'12..'#*,,,
≈.......# ##..##.....1''..'''...,
........# ##'.##.8..2.'####'....8
≈≈......# #'''##...§...# *.....,
........# #['########### *#####*
≈.......# #..##**################
≈≈§.....# #...##'..........3.5...


You could see a Brimstone Fiend and a balrug.

Vanquished Creatures
  the royal jelly (Slime:6)
  the Serpent of Hell (Tar:7)
  Khufu (Tomb:2)
  4 ancient liches
  15 greater mummies
  8 shard shrikes (Coc:7)
  2 pandemonium lords (Pan)
  Margery (Depths:3)
  Geryon (Hell)
  A profane servitor (Crypt:3)
  Jory (Crypt:3)
  the Enchantress (Depths:4)
  2 bone dragons
  5 Brimstone Fiends
  Jorgrun (Tomb:3)
  5 Ice Fiends (Coc:7)
  Rupert (D:13)
  5 Hell Sentinels
  4 tentacled monstrosities
  7 liches
  9 Executioners
  7 sphinxes
  6 Shadow Fiends
  A quicksilver dragon (Depths:5)
  5 titans
  11 acid blobs
  4 ancient champions
  A tentacled starspawn (Abyss:2)
  5 shadow dragons
  8 tengu reavers
  2 storm dragons (Depths:5)
  3 revenants
  2 ghost moths
  16 azure jellies
  Donald (Vaults:1)
  3 chaos champions (Pan)
  14 vault wardens
  8 fire giants
  11 iron dragons
  An orc warlord (Zig:7)
  2 warmongers (Pan)
  13 cacodemons
  10 frost giants
  14 balrugs
  An angel (Pan)
  9 ironheart preservers
  4 emperor scorpions
  A ghoul (Crypt:3)
  A draconian shifter (Depths:5)
  20 reapers
  A spriggan defender (Depths:4)
  14 stone giants
  7 war gargoyles
  2 elemental wellsprings (Coc:7)
  A juggernaut skeleton (Depths:3)
  9 very ugly things
  4 ophanim (Zig:8)
  2 lorocyprocas
  A black draconian (Depths:5)
  3 blood saints (Pan)
  A deep elf demonologist (Vaults:4)
  2 green draconians (Depths:5)
  3 apis (Zig:8)
  2 deep elf annihilators
  A red draconian (Zig:3)
  4 corrupters (Pan)
  A starcursed mass (Abyss:5)
  A yellow draconian (Zig:3)
  A vampire knight (Crypt:3)
  A salamander firebrand (Hell)
  A salamander stormcaller (Vaults:3)
  2 mottled draconians
  2 purple draconians
  10 bennus
  12 blizzard demons
  A black sun (Pan)
  10 green deaths
  7 deep elf death magi
  Snorg (D:10)
  9 crystal guardians (Depths:4)
  29 vault guards
  5 death oozes
  3 quicksilver dragon zombies
  A minotaur (Lab)
  A deep elf high priest (Depths:5)
  22 mummy priests
  A great orb of eyes (shapeshifter) (Depths:5)
  9 ettins
  7 yaktaur captains
  4 rakshasas
  6 ogre magi
  10 ice dragons
  14 jiangshi (Crypt:3)
  10 fire dragons
  6 hydras
  3 entropy weavers
  10 great orbs of eyes
  2 spriggan air magi
  2 monstrous demonspawn (Pan)
  4 centaur warriors
  2 tengu warriors
  2 death yaks
  4 deep troll earth magi
  A dancing weapon (Dis:6)
  6 deep troll shamans
  2 vampire magi (Crypt:3)
  4 alligators
  5 death knights
  14 sun demons
  A thrashing horror (Abyss:2)
  A titan zombie (Hell)
  3 spriggan berserkers
  7 soul eaters
  3 storm dragon zombies
  4 hell hogs
  2 iron golems
  Sonja (D:10)
  3 titan skeletons (Depths:3)
  15 hell knights
  12 iron trolls
  16 death scarabs
  A fire crab (Vaults:3)
  15 ice devils
  62 skeletal warriors
  8 deep elf knights
  6 shadow wraiths
  2 unseen horrors
  2 storm dragon skeletons
  14 deep trolls
  4 wizards
  4 flayed ghosts
  2 cherubim (Zig:8)
  A shambling mangrove (Swamp:2)
  A harpy (shapeshifter) (Depths:5)
  3 swamp dragons
  An ice statue (Hell)
  2 deep elf summoners
  6 orc knights
  10 putrid demonspawn (Pan)
  5 shadow demons
  8 gelid demonspawn (Pan)
  4 deep elf conjurers (Vaults:4)
  3 anaconda zombies
  3 shadow dragon zombies
  11 ironbrand convokers
  An anaconda skeleton (Geh:7)
  7 necromancers
  5 golden dragon skeletons (Depths:3)
  3 giant orange brains
  23 anubis guards
  3 harpies (Vaults:3)
  A shining eye (shapeshifter) (Depths:2)
  40 ugly things
  3 phantasmal warriors
  10 orb spiders
  9 infernal demonspawn (Pan)
  3 torturous demonspawn (Pan)
  19 wolf spiders
  3 hornets
  A wolf spider zombie (Dis:6)
  2 hill giants (D:15)
  An orc sorcerer (Vaults:4)
  4 griffons
  2 shadow dragon skeletons
  An oklob plant (Lair:5)
  A stone giant zombie (Dis:7)
  An orb spider (shapeshifter) (D:15)
  3 sphinx skeletons (Depths:3)
  2 tengu skeletons (Depths:3)
  A fire giant zombie (Hell)
  3 shining eyes
  2 eyes of devastation
  2 frost giant zombies
  2 centaur zombies
  A moth of wrath (Spider:4)
  Maurice (D:8)
  14 orange demons
  A fire giant skeleton (Tomb:3)
  4 iron dragon skeletons
  A dire elephant zombie (Coc:7)
  3 frost giant skeletons
  A stone giant skeleton (Tar:7)
  15 rust devils
  22 sixfirhies (Pan)
  6 molten gargoyles
  6 black mambas
  A shock serpent zombie (Crypt:3)
  16 smoke demons
  3 titan simulacra
  A torpor snail (Zig:4)
  10 spiny frogs
  2 orange crystal statues
  2 eyes of devastation (shapeshifter)
  4 storm dragon simulacra (Coc:7)
  5 gargoyles
  A shock serpent skeleton (Tomb:3)
  5 vault sentinels
  An emperor scorpion zombie (Hell)
  A kobold demonologist (D:15)
  2 spriggan skeletons (Depths:3)
  13 freezing wraiths
  4 komodo dragons
  7 anaconda simulacra
  10 demonic crawlers
  4 efreet
  A fire drake (Lair:6)
  3 deep elf priests
  34 guardian mummies
  14 hellwings (Pan)
  16 tormentors
  43 yaktaurs
  A polar bear (Zig:4)
  A purple draconian skeleton (Crypt:1)
  12 jumping spiders
  6 blue devils
  8 hydra zombies
  37 hellions
  4 trolls
  23 red devils
  8 giant leeches
  14 bog bodies
  3 boulder beetles
  A harpy skeleton (Geh:7)
  13 two-headed ogres
  A trapdoor spider (shapeshifter) (Depths:4)
  10 large abominations
  2 hydra skeletons
  2 alligator zombies
  46 slime creatures
  8 trapdoor spiders
  13 ushabtiu
  2 ettin zombies
  7 fire elementals
  An iron dragon simulacrum (Crypt:3)
  9 blink frogs
  A wyvern (D:15)
  3 elf skeletons (Depths:3)
  23 redbacks
  7 vampires
  Sigmund (D:4)
  3 ettin skeletons
  4 shadows
  19 tarantellas
  14 wraiths
  4 spriggans
  53 flying skulls
  2 water elementals
  9 ynoxinuls (Pan)
  An alligator skeleton (Geh:7)
  7 golden eyes
  A hog (Swamp:3)
  12 yaks
  6 deep elf magi
  3 deep elf fighters
  16 humans
  A hungry ghost (D:15)
  Grum (D:9)
  12 neqoxecs (Pan)
  4 hippogriffs
  15 swamp worms
  3 wolves
  2 mottled dragons (Vaults:2)
  A warg (Zig:7)
  2 insubstantial wisps (Swamp:2)
  2 spiny frog zombies (Hell)
  17 vampire mosquitoes
  A water moccasin (shapeshifter) (Vaults:5)
  23 hell hounds
  A soldier ant (shapeshifter) (Vaults:3)
  7 water moccasins
  Duvessa (D:4)
  A spiny frog skeleton (Hell)
  13 wasps
  5 hydra simulacra
  2 snapping turtle zombies
  A human skeleton (Depths:3)
  A black bear (D:10)
  7 porcupines
  A black mamba simulacrum (Crypt:3)
  6 necrophages
  2 phantoms
  An ice beast (D:9)
  A swamp dragon zombie (Hell)
  An alligator simulacrum (Hell)
  4 sky beasts
  10 spiders
  20 ogres
  An ogre (shapeshifter) (D:13)
  6 swamp drakes
  6 big kobolds
  15 orc warriors
  4 eyes of draining
  11 centaurs
  An elf simulacrum (Depths:2)
  An ettin simulacrum (Hell)
  23 giant frogs
  4 small abominations
  3 crocodiles
  Dowan (D:4)
  A scorpion (D:11)
  15 wights
  4 electric eels
  8 crimson imps
  A giant frog zombie (D:7)
  2 lava snakes (Lab)
  3 orc priests
  3 hounds
  5 orc wizards
  2 quasits
  9 iron imps
  16 jellies
  6 iguanas
  3 hell rats (Lair:2)
  2 worker ants
  23 sheep
  44 mummies
  A worker ant zombie (D:9)
  12 adders
  47 river rats
  5 shadow imps
  4 white imps (Coc:7)
  2 oozes (Sewer)
  2 adder skeletons
  2 worms
  3 giant geckos
  58 orcs
  A ball python (Sewer)
  4 hobgoblins
  5 jackals
  4 kobolds
  2 bats (D:3)
  2 giant cockroaches
  A giant cockroach zombie (D:6)
  4 giant newts
  8 goblins
  A goblin zombie (Crypt:2)
  A jackal skeleton (D:8)
  A quokka (D:11)
  A quokka skeleton (D:5)
  8 rats
  2 briar patches (Swamp:4)
  A fungus (Lair:7)
2242 creatures vanquished.

Vanquished Creatures (collateral kills)
  Mara (Swamp:3)
  2 shard shrikes (Coc:7)
  4 acid blobs
  Kirke (Swamp:3)
  2 thorn hunters (Swamp:4)
  An azure jelly (Slime:6)
  A daeva (Zig:8)
  Louise (Swamp:2)
  A vault warden (Vaults:2)
  4 emperor scorpions
  A balrug (Geh:7)
  A bennu (Tomb:1)
  15 hydras
  7 death yaks
  An alligator (Swamp:3)
  A death scarab (Tomb:3)
  2 spriggan druids
  7 swamp dragons (Swamp:4)
  A shambling mangrove (Swamp:3)
  An orb spider (Spider:1)
  A shining eye (Slime:4)
  A wolf spider (Spider:1)
  3 elephants (Lair:6)
  11 spiny frogs
  3 komodo dragons
  A black mamba (Lair:4)
  A demonic crawler (Spider:1)
  4 jumping spiders
  4 blink frogs (Lair:8)
  2 bog bodies
  3 giant leeches
  9 slime creatures
  An ushabti (Tomb:2)
  4 redbacks
  2 tarantellas
  A trapdoor spider (Spider:4)
  An ettin skeleton (Geh:7)
  2 hogs (Swamp:3)
  9 vampire mosquitoes
  A neqoxec (Pan)
  8 yaks
  5 swamp worms
  2 water moccasins (Lair:8)
  2 hippogriffs (Lair:4)
  2 insubstantial wisps (Swamp:2)
  2 spiders (Spider:1)
  6 swamp drakes
  A wasp (Swamp:2)
  11 giant frogs
  3 electric eels (Lair:8)
  2 lava snakes (Lab)
  2 jellies
  An iguana (Lair:6)
  2 sheep (Lair:2)
  12 river rats
  A fungus (Lair:7)
  A plant (Lair:8)
182 creatures vanquished.

Vanquished Creatures (others)
  2 liches (Tomb:2)
  A sphinx (Vaults:5)
  A tengu reaver (Vaults:5)
  A frost giant (Coc:7)
  An elemental wellspring (Coc:7)
  A bennu (Tomb:2)
  A salamander stormcaller (Vaults:2)
  A green death (Pan)
  A quicksilver dragon skeleton (Tomb:3)
  2 rakshasas
  A death scarab (Tomb:2)
  An ironbrand convoker (Vaults:2)
  A wizard (Pan)
  A giant orange brain (Pan)
  A wolf spider zombie (Geh:7)
  A necromancer (Dis:3)
  An anubis guard (Tomb:2)
  A vault sentinel (Vaults:5)
  A smoke demon (Pan)
  A dire elephant skeleton (Tomb:2)
  A fire drake (Swamp:4)
  A hellwing (Pan)
  An ushabti (Tomb:2)
  A ynoxinul (Pan)
  8 flying skulls (Tomb:3)
  A deep elf fighter (Vaults:2)
  A black mamba skeleton (Dis:5)
  A neqoxec (Pan)
  2 ogres
  A centaur (Vaults:4)
  6 mummies
  41 eldritch tentacle segments (Pan)
  8 fungi
  3 lost souls (Crypt:3)
  11 plants
  103 spectral weapons
  2 starspawn tentacles (Abyss:2)
  62 starspawn tentacle segments (Abyss:2)
276 creatures vanquished.

Grand Total: 2700 creatures vanquished

Notes
Turn   | Place    | Note
--------------------------------------------------------------
     0 | D:1      | Kolbur the Merfolk Ice Elementalist began the quest for the Orb.
     0 | D:1      | Reached XP level 1. HP: 13/13 MP: 3/3
   199 | D:1      | Reached XP level 2. HP: 19/19 MP: 1/5
   241 | D:2      | Reached skill level 4 in Ice Magic
   361 | D:4      | Noticed Sigmund
   388 | D:4      | Noticed Dowan
   430 | D:4      | Killed Sigmund
   430 | D:4      | Reached skill level 6 in Ice Magic
   430 | D:4      | Reached XP level 3. HP: 2/24 MP: 0/6
   430 | D:4      | Reached XP level 4. HP: 2/30 MP: 0/7
   430 | D:4      | Reached XP level 5. HP: 2/35 MP: 0/8
   435 | D:4      | Learned a level 3 spell: Ozocubu's Armour
   440 | D:4      | Learned a level 4 spell: Condensation Shield
   454 | D:3      | Gained mutation: You are partially covered in large bone plates (AC +2, SH +2). [potion of beneficial mutation]
   631 | D:3      | Reached skill level 1 in Polearms
   790 | D:4      | Reached XP level 6. HP: 41/41 MP: 5/9
   791 | D:4      | Noticed Grinder
   791 | D:4      | Noticed an ogre
   933 | D:4      | Found a glowing drain.
   945 | Sewer    | Entered a sewer
   971 | Sewer    | Reached skill level 5 in Polearms
  1002 | Sewer    | Reached XP level 7. HP: 30/46 MP: 0/10
  1068 | Sewer    | Reached skill level 7 in Polearms
  1229 | Sewer    | Reached skill level 1 in Fighting
  1596 | D:4      | Noticed Duvessa
  1621 | D:4      | Killed Duvessa
  1621 | D:4      | Reached skill level 8 in Polearms
  1631 | D:4      | Killed Dowan
  1631 | D:4      | Reached XP level 8. HP: 33/56 MP: 0/11
  1654 | D:5      | Entered Level 5 of the Dungeon
  1883 | D:5      | Gained mutation: You are frail (-10% HP). [potion of mutation]
  1883 | D:5      | Gained mutation: You are surrounded by a mild repulsion field (EV +2). [potion of mutation]
  1883 | D:5      | Gained mutation: You are clumsy. (Dex -2) [potion of mutation]
  1914 | D:5      | Found a sparkling altar of Nemelex Xobeh.
  1978 | D:5      | Reached skill level 9 in Polearms
  2224 | D:6      | Learned a level 2 spell: Repel Missiles
  2364 | D:7      | Found a staircase to the Ecumenical Temple.
  2372 | Temple   | Entered the Ecumenical Temple
  2378 | Temple   | Became a worshipper of Makhleb the Destroyer
  2494 | D:7      | Reached skill level 5 in Dodging
  2746 | D:9      | Reached skill level 10 in Polearms
  2763 | D:9      | Found a glowing silver altar of Zin.
  2764 | D:9      | Noticed an angel
  2785 | D:9      | Found a flagged portal.
  2801 | Bailey   | Entered a bailey
  2838 | Bailey   | Acquired Makhleb's first power
  2901 | D:9      | Reached XP level 9. HP: 32/58 MP: 0/12
  3161 | D:8      | Reached skill level 11 in Polearms
  3176 | D:8      | Noticed Maurice
  3264 | D:8      | HP: 1/59 [something/wand of lightning (23)]
  3271 | D:8      | Killed Maurice
  3329 | D:9      | Reached skill level 5 in Fighting
  3440 | D:9      | Reached skill level 12 in Polearms
  3533 | D:10     | Entered Level 10 of the Dungeon
  3708 | D:10     | Noticed Harold
  3880 | D:10     | Noticed a hill giant
  3896 | D:10     | Noticed Snorg
  4014 | D:11     | Noticed a white ugly thing
  4033 | D:11     | Acquired Makhleb's second power
  4086 | D:10     | Noticed Sonja
  4124 | D:11     | Reached XP level 10. HP: 68/68 MP: 5/13
  4149 | D:11     | Reached skill level 13 in Polearms
  4177 | D:11     | Noticed a manticore
  4243 | D:10     | Learned a level 4 spell: Summon Ice Beast
  4563 | D:10     | Killed Sonja
  4563 | D:10     | Reached skill level 1 in Invocations
  4637 | D:10     | Noticed Grum
  4654 | D:9      | Reached skill level 14 in Polearms
  4666 | D:9      | Killed Grum
  4811 | D:10     | Killed Snorg
  4871 | D:10     | Noticed 4thArraOfDagon's ghost (experienced TrCK)
  4994 | D:11     | Killed a white ugly thing
  4994 | D:11     | Reached skill level 1 in Summonings
  5050 | D:11     | Reached skill level 15 in Polearms
  5099 | D:11     | Reached XP level 11. HP: 64/72 MP: 8/17
  5114 | D:11     | Noticed a red ugly thing
  5135 | D:11     | Killed a red ugly thing
  5170 | D:11     | Noticed a purple ugly thing
  5198 | D:11     | Killed a purple ugly thing
  5238 | D:11     | Acquired Makhleb's third power
  5248 | D:11     | Noticed an elephant
  5270 | D:11     | Found a staircase to the Lair.
  5286 | D:11     | Learned a level 2 spell: Blink
  5295 | Lair:1   | Entered Level 1 of the Lair of Beasts
  5422 | Lair:1   | Reached skill level 16 in Polearms
  5771 | Lair:2   | Noticed a five-headed hydra
  6032 | Lair:2   | Acquired Makhleb's fourth power
  6300 | Lair:3   | Found a hole to the Spider Nest.
  6390 | Lair:3   | Noticed a seven-headed hydra
  6411 | Lair:3   | Killed a seven-headed hydra
  6527 | Lair:3   | Found a labyrinth entrance.
  6541 | Lab      | Entered a labyrinth
  6644 | Lab      | Reached skill level 5 in Invocations
  6651 | Lab      | Reached skill level 5 in Summonings
  6737 | Lab      | Noticed a minotaur
  6748 | Lab      | Killed a minotaur
  6748 | Lab      | Reached XP level 12. HP: 80/82 MP: 2/18
  6758 | Lab      | Identified Iqer's Collected Works on Shifting Contamination
  6910 | Lair:4   | Reached skill level 10 in Dodging
  7003 | Lair:4   | Acquired Makhleb's fifth power
  7249 | Lair:4   | Noticed an eight-headed hydra
  7397 | Lair:4   | Noticed an eight-headed hydra
  7421 | Lair:4   | Noticed a blizzard demon
  7514 | Lair:4   | Killed an eight-headed hydra
  7792 | Lair:5   | Found a staircase to the Swamp.
  7895 | Lair:6   | Reached skill level 1 in Translocations
  8203 | Lair:6   | Reached skill level 1 in Charms
  8498 | Lair:7   | Reached skill level 5 in Stealth
  8584 | Lair:7   | Reached XP level 13. HP: 90/90 MP: 13/19
  8683 | Lair:8   | Entered Level 8 of the Lair of Beasts
  8776 | Lair:8   | Reached skill level 5 in Spellcasting
  8888 | Lair:8   | Learned a level 6 spell: Haste
  8888 | Lair:8   | Upgraded the game from 0.17-a0-1767-gccbed74 to 0.17-a0-1769-g54adf96
  9000 | Lair:7   | Noticed a death yak
  9001 | Lair:7   | Noticed a death yak
  9006 | Lair:7   | Noticed a death yak
  9009 | Lair:7   | Noticed a death yak
  9011 | Lair:7   | Noticed a death yak
  9044 | Lair:7   | Killed a death yak
  9046 | Lair:7   | Killed a death yak
  9047 | Lair:7   | Killed a death yak
  9047 | Lair:7   | Killed a death yak
  9049 | Lair:7   | Killed a death yak
  9279 | Swamp:1  | Entered Level 1 of the Swamp
  9345 | Swamp:1  | Gained mutation: You are covered in fur (AC +1). [potion of mutation]
  9345 | Swamp:1  | Gained mutation: Armour fits poorly on your strangely shaped body. [potion of mutation]
  9346 | Swamp:1  | Gained mutation: You have sharp fingernails. [potion of mutation]
  9395 | Swamp:1  | Reached skill level 10 in Fighting
 10089 | Swamp:2  | Noticed Louise
 10152 | Swamp:2  | Reached XP level 14. HP: 99/99 MP: 9/25
 10198 | Swamp:2  | Killed Louise
 10340 | Swamp:3  | Reached skill level 5 in Charms
 10343 | Swamp:3  | Noticed Mara
 10701 | Swamp:3  | Noticed Kirke
 10784 | Swamp:3  | Killed Kirke
 10797 | Swamp:3  | Killed Mara
 10865 | Swamp:4  | Entered Level 4 of the Swamp
 10868 | Swamp:3  | Identified a scroll of acquirement
 10940 | Swamp:4  | Lost mutation: You are partially covered in large bone plates (AC +2, SH +2). [potion of mutation]
 10940 | Swamp:4  | Gained mutation: You have a pair of small horns on your head. [potion of mutation]
 10941 | Swamp:4  | Lost mutation: You are frail (-10% HP). [potion of cure mutation]
 10941 | Swamp:4  | Lost mutation: You are clumsy. (Dex -2) [potion of cure mutation]
 10941 | Swamp:4  | Lost mutation: Armour fits poorly on your strangely shaped body. [potion of cure mutation]
 11167 | Swamp:4  | Reached skill level 10 in Charms
 11262 | Swamp:4  | Noticed a thorn hunter
 11329 | Swamp:4  | Noticed a thorn hunter
 11355 | Swamp:3  | Learned a level 6 spell: Deflect Missiles
 11409 | Swamp:4  | Killed a thorn hunter
 11469 | Swamp:4  | Killed a thorn hunter
 11489 | Swamp:4  | Reached XP level 15. HP: 115/115 MP: 19/27
 11516 | Swamp:4  | Got a decaying rune of Zot
 11928 | Lair:5   | Noticed a seven-headed hydra
 11943 | Lair:5   | Killed a seven-headed hydra
 12030 | Spider:1 | Entered Level 1 of the Spider Nest
 12084 | Spider:1 | Reached skill level 1 in Air Magic
 12092 | Lair:3   | Upgraded the game from 0.17-a0-1769-g54adf96 to 0.17-a0-1778-gd369669
 12440 | Spider:2 | Learned a level 3 spell: Regeneration
 12904 | Spider:4 | Entered Level 4 of the Spider Nest
 13020 | Spider:3 | Got a spiked leather armour
 13158 | Spider:4 | Learned a level 3 spell: Spectral Weapon
 13404 | Spider:4 | Reached skill level 1 in Necromancy
 13497 | Spider:4 | Identified the +3 leather armour of Danas {*Confuse rElec rC+ Dex+2} (You found it on level 3 of the Spider Nest)
 13894 | Spider:4 | Noticed an Executioner
 13933 | Spider:3 | Reached XP level 16. HP: 122/127 MP: 3/29
 14053 | Spider:4 | Reached skill level 5 in Air Magic
 14321 | Spider:4 | Got a gossamer rune of Zot
 14608 | Lair:6   | Found a staircase to the Slime Pits.
 14618 | Slime:1  | Entered Level 1 of the Pits of Slime
 14652 | Slime:2  | Noticed an acid blob
 14671 | Slime:2  | Killed an acid blob
 14767 | Slime:4  | Noticed an acid blob
 14767 | Slime:4  | Noticed an acid blob
 14859 | Slime:4  | Killed an acid blob
 14861 | Slime:4  | Killed an acid blob
 15060 | Slime:5  | Noticed an acid blob
 15251 | Slime:5  | Reached skill level 10 in Spellcasting
 15270 | Slime:5  | Upgraded the game from 0.17-a0-1778-gd369669 to 0.17-a0-1793-gcbb3aa1
 15271 | Slime:6  | Entered Level 6 of the Pits of Slime
 15280 | Slime:6  | Noticed an acid blob
 15301 | Slime:6  | Killed an acid blob
 15301 | Slime:6  | Reached skill level 15 in Dodging
 15454 | Slime:6  | Noticed the royal jelly
 15467 | Slime:6  | Noticed an acid blob
 15490 | Slime:6  | Killed an acid blob
 15491 | Slime:6  | Noticed an acid blob
 15509 | Slime:6  | Killed an acid blob
 15513 | Slime:6  | Noticed an acid blob
 15514 | Slime:6  | Noticed an acid blob
 15515 | Slime:6  | Noticed an acid blob
 15517 | Slime:6  | Noticed an acid blob
 15519 | Slime:6  | Killed an acid blob
 15519 | Slime:6  | Killed the royal jelly
 15519 | Slime:6  | Reached XP level 17. HP: 93/137 MP: 7/31
 15638 | Slime:6  | Noticed an acid blob
 15658 | Slime:6  | Noticed an acid blob
 15664 | Slime:6  | Noticed an acid blob
 15698 | Slime:5  | Learned a level 5 spell: Silence
 15750 | Slime:6  | Killed an acid blob
 15752 | Slime:6  | Killed an acid blob
 15756 | Slime:6  | Noticed an acid blob
 15764 | Slime:6  | Killed an acid blob
 15815 | Slime:6  | Got a slimy rune of Zot
 15820 | Slime:6  | Identified the Grimoire of Calling
 15877 | Slime:6  | Noticed an acid blob
 15887 | Slime:6  | Killed an acid blob
 15904 | Slime:6  | Got a heavily runed silver ring
 15925 | Slime:6  | Killed an acid blob
 15970 | Slime:6  | Identified the ring "Uvvuryuz" {Fire SInv} (You found it on level 6 of the Pits of Slime)
 16024 | Slime:6  | Identified the Grimoire of Good Luck (You found it on level 6 of the Pits of Slime)
 16045 | Slime:6  | Killed an acid blob
 16049 | Slime:6  | Got a bound platinum ring
 16051 | Slime:6  | Identified the ring "Anyje" {Str+5 Dex+6} (You found it on level 6 of the Pits of Slime)
 16116 | Slime:6  | Killed an acid blob
 16117 | Slime:6  | Noticed an acid blob
 16135 | Slime:6  | Killed an acid blob
 16488 | D:11     | Upgraded the game from 0.17-a0-1793-gcbb3aa1 to 0.17-a0-1798-g879a7aa
 16514 | D:13     | Found a gate to the Vaults.
 16514 | D:13     | Noticed Rupert
 16514 | D:13     | Noticed Donald
 16517 | Vaults:1 | Entered Level 1 of the Vaults
 16542 | Vaults:1 | Reached skill level 1 in Hexes
 16542 | Vaults:1 | Reached skill level 10 in Invocations
 16795 | Vaults:2 | Reached skill level 5 in Hexes
 16904 | Vaults:2 | Found Jipliaff's Jewellery Shoppe.
 17098 | Vaults:3 | Reached XP level 18. HP: 146/146 MP: 26/32
 17298 | Vaults:3 | Found a staircase to the Crypt.
 17316 | Crypt:1  | Entered Level 1 of the Crypt
 17496 | Crypt:3  | Entered Level 3 of the Crypt
 17662 | Crypt:3  | Found a basalt altar of Yredelemnul.
 17815 | Crypt:3  | Learned a level 5 spell: Aura of Abjuration
 18013 | Crypt:3  | Noticed a profane servitor
 18030 | Crypt:3  | Killed a profane servitor
 18132 | Crypt:3  | Got a shimmering sapphire amulet
 18134 | Crypt:3  | Identified the amulet "Eclawn" {Ward +Fly rPois rN+ Str-2} (You found it on level 3 of the Crypt)
 18136 | Crypt:3  | Got a crude jade ring
 18138 | Crypt:3  | Identified the ring of Divine Compulsion {rN+ Dex+3} (You found it on level 3 of the Crypt)
 18140 | Crypt:3  | Got a vibrating turquoise ring
 18142 | Crypt:3  | Identified the ring "Biowkui Jiwn" {rPois rN+} (You found it on level 3 of the Crypt)
 18206 | Crypt:3  | Reached XP level 19. HP: 152/152 MP: 33/36
 18262 | Crypt:3  | Learned a level 2 spell: Song of Slaying
 18300 | Crypt:3  | Noticed a bone dragon
 18332 | Crypt:3  | Killed a bone dragon
 18452 | Crypt:3  | Noticed Jory
 18497 | Crypt:3  | Killed Jory
 18505 | Crypt:3  | Found a staircase to the Tomb.
 18551 | Crypt:3  | Got a crude scale mail
 18562 | Crypt:3  | Identified the +3 scale mail "Ufroe" {rPois rC+ rN+ Dex+2} (You found it on level 3 of the Crypt)
 18582 | Tomb:1   | Entered Level 1 of the Tomb of the Ancients
 18672 | Tomb:1   | Learned a level 1 spell: Apportation
 18760 | Tomb:1   | Reached skill level 17 in Dodging
 18867 | Tomb:1   | Noticed a greater mummy
 19039 | Tomb:1   | Noticed a greater mummy
 19080 | Tomb:1   | Killed a greater mummy
 19299 | Tomb:1   | Killed a greater mummy
 19716 | Tomb:1   | Upgraded the game from 0.17-a0-1798-g879a7aa to 0.17-a0-1804-gf6433eb
 19736 | Tomb:2   | Noticed a greater mummy
 19738 | Tomb:2   | Noticed an ancient lich
 19742 | Tomb:2   | Noticed a greater mummy
 19746 | Tomb:2   | Noticed a greater mummy
 19866 | Tomb:1   | Reached skill level 15 in Fighting
 19945 | Tomb:1   | Killed an ancient lich
 20045 | Tomb:1   | Killed a greater mummy
 20045 | Tomb:1   | Reached XP level 20. HP: 92/153 MP: 11/37
 20127 | Tomb:1   | Killed a greater mummy
 20184 | Tomb:1   | Killed a greater mummy
 20184 | Tomb:1   | Reached skill level 10 in Hexes
 20250 | Tomb:1   | Learned a level 1 spell: Summon Butterflies
 20401 | Tomb:2   | Killed a lich
 20481 | Tomb:2   | Reached skill level 18 in Dodging
 20483 | Tomb:2   | Noticed a greater mummy
 20495 | Tomb:2   | Noticed a greater mummy
 20503 | Tomb:2   | Killed a greater mummy
 20509 | Tomb:2   | Noticed Khufu
 20523 | Tomb:2   | Killed a greater mummy
 20546 | Tomb:2   | Killed Khufu
 20566 | Tomb:2   | Killed a lich
 20728 | Tomb:3   | Entered Level 3 of the Tomb of the Ancients
 20815 | Tomb:3   | Noticed a greater mummy
 20981 | Tomb:3   | Noticed a greater mummy
 21152 | Tomb:2   | Killed a greater mummy
 21286 | Tomb:2   | Killed a greater mummy
 21383 | Tomb:3   | Noticed Ajdolov's ghost (great MiGl)
 21419 | Tomb:3   | Noticed a greater mummy
 21447 | Tomb:3   | Noticed a greater mummy
 21497 | Tomb:2   | Killed a greater mummy
 21569 | Tomb:2   | Killed a greater mummy
 21569 | Tomb:2   | Reached XP level 21. HP: 163/169 MP: 7/39
 21835 | Tomb:3   | Noticed a greater mummy
 22058 | Tomb:2   | Killed a greater mummy
 22581 | Tomb:1   | Noticed a greater mummy
 22817 | Vaults:3 | Reached skill level 19 in Dodging
 23267 | Vaults:4 | Reached skill level 15 in Spellcasting
 23569 | Vaults:5 | Entered Level 5 of the Vaults
 24138 | Vaults:5 | Reached skill level 20 in Polearms
 24164 | Vaults:5 | Reached XP level 22. HP: 177/177 MP: 19/41
 24226 | Vaults:5 | Identified a +1 pair of boots of running (You found it on level 5 of the Vaults)
 24227 | Vaults:5 | Identified the Compendium of Ashen Venom (You found it on level 5 of the Vaults)
 24252 | Vaults:5 | Identified the Collected Works on Ice (You found it on level 5 of the Vaults)
 24378 | Vaults:5 | Reached skill level 21 in Polearms
 24574 | Vaults:5 | Noticed an ancient lich
 24585 | Vaults:5 | Killed an ancient lich
 24585 | Vaults:5 | Reached skill level 22 in Polearms
 24606 | Vaults:5 | Noticed an ancient lich
 24643 | Vaults:5 | Killed an ancient lich
 24663 | Vaults:5 | Noticed asdu's ghost (mighty DESu)
 24689 | Vaults:5 | Reached skill level 23 in Polearms
 25046 | Vaults:5 | Got a silver rune of Zot
 25143 | Vaults:5 | Reached skill level 24 in Polearms
 25453 | Tomb:1   | Noticed a greater mummy
 25453 | Tomb:1   | Noticed a greater mummy
 25453 | Tomb:1   | Noticed a greater mummy
 25453 | Tomb:1   | Noticed a greater mummy
 25453 | Tomb:1   | Noticed a greater mummy
 25453 | Tomb:1   | Noticed a greater mummy
 25576 | Tomb:2   | Reached XP level 23. HP: 76/185 MP: 9/42
 25666 | Tomb:2   | Reached skill level 1 in Evocations
 25891 | Tomb:2   | Learned a level 5 spell: Warp Weapon
 25891 | Tomb:2   | Identified a +3 rod of inaccuracy (12/12) (You took it off a tengu reaver on level 5 of the Vaults)
 25985 | Tomb:3   | Noticed a greater mummy
 25987 | Tomb:3   | Noticed a greater mummy
 26017 | Tomb:3   | Killed a greater mummy
 26107 | Tomb:3   | Noticed an ancient lich
 26123 | Tomb:3   | Killed an ancient lich
 26141 | Tomb:3   | Noticed a greater mummy
 26168 | Tomb:3   | Killed a greater mummy
 26168 | Tomb:3   | Reached skill level 25 in Polearms
 26195 | Tomb:3   | Got a golden rune of Zot
 26216 | Tomb:3   | Noticed Jorgrun
 26228 | Tomb:3   | Killed Jorgrun
 26279 | Tomb:3   | Got a slimy bronze ring
 26281 | Tomb:3   | Identified the ring of Irih {+Fly Dex+4} (You found it on level 3 of the Tomb of the Ancients)
 26358 | Tomb:3   | Killed a greater mummy
 26897 | Vaults:1 | Killed Donald
 26926 | D:13     | Killed Rupert
 27021 | D:14     | Upgraded the game from 0.17-a0-1804-gf6433eb to 0.17-a0-1805-g6093636
 27110 | D:15     | Entered Level 15 of the Dungeon
 27195 | D:15     | Found Zoesm's Assorted Antiques.
 27203 | D:15     | Bought a potion of curing for 81 gold pieces
 27203 | D:15     | Bought a scroll of fog for 54 gold pieces
 27203 | D:15     | Bought a scroll of enchant weapon for 202 gold pieces
 27356 | D:15     | Found a staircase to the Depths.
 27382 | Depths:1 | Entered Level 1 of the Depths
 27507 | Depths:1 | Found a one-way gate leading to the halls of Pandemonium.
 27554 | Depths:1 | Reached skill level 26 in Polearms
 27895 | Depths:3 | Reached XP level 24. HP: 191/191 MP: 16/42
 28132 | Depths:4 | Found a gateway to Hell.
 28286 | Depths:4 | Found a deep blue altar of Sif Muna.
 28307 | Depths:4 | Reached skill level 5 in Evocations
 28319 | Depths:4 | Identified a cursed +0 rod of destruction (14/14) (You found it on level 4 of the Depths)
 28339 | Depths:4 | Identified a +6 rod of inaccuracy (11/11) (You found it on level 4 of the Depths)
 28421 | Depths:5 | Entered Level 5 of the Depths
 28656 | Depths:5 | Learned a level 4 spell: Passage of Golubria
 28751 | Depths:5 | Reached skill level 5 in Translocations
 28777 | Depths:5 | Found a gate to the Realm of Zot.
 28829 | Depths:5 | Noticed a juggernaut
 28884 | Depths:4 | Noticed the Enchantress
 28898 | Depths:4 | Found a one-way gate to the infinite horrors of the Abyss.
 28918 | Depths:4 | Killed the Enchantress
 29088 | Depths:3 | Reached skill level 10 in Stealth
 29212 | Depths:3 | Reached skill level 10 in Ice Magic
 29416 | Depths:3 | Noticed Margery
 29420 | Depths:3 | Reached XP level 25. HP: 184/199 MP: 40/43
 29427 | Depths:3 | Killed Margery
 29518 | Depths:2 | Found a gateway to a ziggurat.
 29537 | Zig:1    | Entered Level 1 of a ziggurat
 29544 | Zig:1    | Reached skill level 1 in Armour
 29550 | Zig:2    | Entered Level 2 of a ziggurat
 29572 | Zig:3    | Entered Level 3 of a ziggurat
 29602 | Zig:4    | Entered Level 4 of a ziggurat
 29641 | Zig:4    | Identified the Disquisition on Creative Beguiling
 29656 | Zig:5    | Entered Level 5 of a ziggurat
 29692 | Zig:6    | Entered Level 6 of a ziggurat
 29748 | Zig:7    | Entered Level 7 of a ziggurat
 29826 | Zig:7    | Got a sheer robe
 29827 | Zig:7    | Identified the +2 robe "Ziduh" {+Blink +Fly rPois rF-} (You found it on level 7 of a ziggurat)
 29833 | Zig:8    | Entered Level 8 of a ziggurat
 29948 | Zig:8    | Identified a +3 rod of ignition (10/10) (You found it on level 8 of a ziggurat)
 29993 | Pan      | Entered Pandemonium
 30231 | Pan      | Found an exit through the horrors of the Abyss.
 30242 | Pan      | Learned a level 6 spell: Invisibility
 30345 | Pan      | Found an exit through the horrors of the Abyss.
 30437 | Pan      | Gained mutation: You can spit weak poison. [potion of beneficial mutation]
 30438 | Pan      | Gained mutation: You can translocate small distances at will. [potion of beneficial mutation]
 30481 | Pan      | Found an exit through the horrors of the Abyss.
 30524 | Pan      | Entered the realm of Mnoleg.
 30556 | Pan      | Noticed Mnoleg
 30559 | Pan      | Gained mutation: Potions and wands are less effective at restoring your health. [a neqoxec]
 30561 | Pan      | Got a glowing rune of Zot
 30562 | Pan      | Gained mutation: Scrolls take you a little longer to read. [a shining eye]
 30565 | Pan      | Found an exit through the horrors of the Abyss.
 30595 | Pan      | Found an exit through the horrors of the Abyss.
 30646 | Pan      | Found an exit through the horrors of the Abyss.
 30715 | Pan      | Lost mutation: Scrolls take you a little longer to read. [potion of cure mutation]
 30715 | Pan      | Lost mutation: Potions and wands are less effective at restoring your health. [potion of cure mutation]
 30715 | Pan      | Lost mutation: You have a pair of small horns on your head. [potion of cure mutation]
 30715 | Pan      | Lost mutation: You can translocate small distances at will. [potion of cure mutation]
 30715 | Pan      | Lost mutation: You are covered in fur (AC +1). [potion of cure mutation]
 30740 | Pan      | Reached skill level 5 in Armour
 30790 | Pan      | Entered the realm of Lom Lobon.
 30873 | Pan      | Noticed Lom Lobon
 30881 | Pan      | Got a magical rune of Zot
 30891 | Pan      | Found a gateway to a ziggurat.
 30893 | Pan      | Found an exit through the horrors of the Abyss.
 30898 | Depths:1 | Escaped Pandemonium
 30907 | Pan      | Entered the realm of Cerebov.
 30907 | Pan      | Entered Pandemonium
 30957 | Pan      | Noticed Cerebov
 30964 | Pan      | Got a fiery rune of Zot
 30969 | Pan      | Found an exit through the horrors of the Abyss.
 31148 | Pan      | Found an exit through the horrors of the Abyss.
 31206 | Pan      | Noticed Tookivye the pandemonium lord
 31206 | Pan      | Found an exit through the horrors of the Abyss.
 31225 | Pan      | Gained mutation: You are frail (-10% HP). [a neqoxec]
 31238 | Pan      | Lost mutation: You are surrounded by a mild repulsion field (EV +2). [potion of cure mutation]
 31238 | Pan      | Lost mutation: You are frail (-10% HP). [potion of cure mutation]
 31238 | Pan      | Lost mutation: You can spit weak poison. [potion of cure mutation]
 31304 | Pan      | Found a gateway to a ziggurat.
 31371 | Pan      | Noticed Roshoseudgh the pandemonium lord
 31442 | Pan      | Entered the realm of Gloorx Vloq.
 31547 | Pan      | Noticed Gloorx Vloq
 31582 | Pan      | Got a dark rune of Zot
 31597 | Pan      | Noticed Mnoleg
 31681 | Pan      | Found an exit through the horrors of the Abyss.
 31709 | Pan      | Noticed Moudyeq the pandemonium lord
 31813 | Pan      | Gained mutation: Scrolls take you a little longer to read. [a neqoxec]
 31847 | Pan      | Found an exit through the horrors of the Abyss.
 32006 | Pan      | Found an exit through the horrors of the Abyss.
 32091 | Pan      | Noticed Gloorx Vloq
 32129 | Pan      | Noticed Mennas
 32177 | Pan      | Reached skill level 15 in Stealth
 32303 | Pan      | Noticed Pupioz Rere the pandemonium lord
 32314 | Pan      | Killed Pupioz Rere the pandemonium lord
 32325 | Pan      | Reached XP level 26. HP: 114/208 MP: 20/43
 32338 | Pan      | Noticed Gloorx Vloq
 32453 | Pan      | Noticed Mnoleg
 32708 | Pan      | Noticed Keudihaj the pandemonium lord
 32716 | Pan      | Found an exit through the horrors of the Abyss.
 32716 | Pan      | Gained mutation: You are frail (-10% HP). [a neqoxec]
 32726 | Pan      | Took an exit into the Abyss.
 32726 | Abyss:1  | Escaped into the Abyss
 32728 | Abyss:1  | Found a corrupted altar of Lugonu.
 32787 | Abyss:2  | Found a corrupted altar of Lugonu.
 33016 | Abyss:2  | Found a corrupted altar of Lugonu.
 33204 | Abyss:2  | Found a corrupted altar of Lugonu.
 33248 | Abyss:2  | Found a corrupted altar of Lugonu.
 33313 | Abyss:3  | Got a heavily jewelled robe
 33316 | Abyss:3  | Identified the cursed +0 robe of Ciseumukh {*Confuse +Blink rPois rF+} (You found it on level 3 of the Abyss)
 33380 | Abyss:4  | Found a corrupted altar of Lugonu.
 33462 | Abyss:4  | Found a corrupted altar of Lugonu.
 33563 | Abyss:5  | Entered Level 5 of the Abyss
 33569 | Abyss:5  | Got an abyssal rune of Zot
 33628 | Depths:1 | Escaped the Abyss
 33629 | Depths:1 | Upgraded the game from 0.17-a0-1805-g6093636 to 0.17-a0-1830-g81820eb
 33634 | Pan      | Entered Pandemonium
 33643 | Pan      | Noticed Doepuppa the pandemonium lord
 33763 | Pan      | Noticed Mafoe the pandemonium lord
 33764 | Pan      | Gained mutation: Your spells are a little harder to cast, but a little more powerful. [a neqoxec]
 33824 | Pan      | Found an exit through the horrors of the Abyss.
 34030 | Pan      | Noticed Polots the pandemonium lord
 34032 | Pan      | Found an exit through the horrors of the Abyss.
 34164 | Pan      | Noticed Cerebov
 34222 | Pan      | Noticed Mennas
 34450 | Pan      | Reached skill level 10 in Summonings
 34484 | Pan      | Noticed an ancient lich
 34485 | Pan      | Found a gateway to a ziggurat.
 34515 | Pan      | Found an exit through the horrors of the Abyss.
 34597 | Pan      | Noticed Giwnujad the pandemonium lord
 34617 | Pan      | Noticed Cerebov
 34802 | Pan      | Noticed Cerebov
 34844 | Pan      | Noticed Kegat the pandemonium lord
 34848 | Pan      | Noticed Cerebov
 34857 | Pan      | Noticed Udut the pandemonium lord
 34932 | Pan      | Found an exit through the horrors of the Abyss.
 35013 | Pan      | Found a gateway to a ziggurat.
 35043 | Pan      | Found an exit through the horrors of the Abyss.
 35166 | Pan      | Noticed Sytho the pandemonium lord
 35186 | Pan      | Killed Sytho the pandemonium lord
 35626 | Pan      | Got a pair of bloodstained boots
 35629 | Pan      | Identified the +4 pair of boots of Creativity {Int+6} (You found it in Pandemonium)
 35720 | Pan      | Found an exit through the horrors of the Abyss.
 36210 | Pan      | Got a demonic rune of Zot
 36242 | Pan      | Identified the Disquisition on the Traveller (You found it in Pandemonium)
 36278 | Pan      | Took an exit into the Abyss.
 36278 | Abyss:1  | Escaped into the Abyss
 36282 | Abyss:1  | Found a basalt altar of Yredelemnul.
 36307 | Depths:1 | Escaped the Abyss
 36405 | Depths:4 | Lost mutation: Scrolls take you a little longer to read. [potion of cure mutation]
 36405 | Depths:4 | Lost mutation: You are frail (-10% HP). [potion of cure mutation]
 36405 | Depths:4 | Lost mutation: You have sharp fingernails. [potion of cure mutation]
 36405 | Depths:4 | Lost mutation: Your spells are a little harder to cast, but a little more powerful. [potion of cure mutation]
 36439 | Hell     | Entered the Vestibule of Hell
 36439 | Hell     | Noticed Geryon
 36511 | Hell     | Killed Geryon
 36574 | Hell     | Found a gateway to the Iron City of Dis.
 36587 | Dis:1    | Entered Level 1 of the Iron City of Dis
 37132 | Dis:3    | Reached XP level 27. HP: 217/217 MP: 43/43
 37304 | Dis:5    | Found a huge runed gate.
 37304 | Dis:5    | Found a huge runed gate.
 37304 | Dis:5    | Found a huge runed gate.
 37304 | Dis:5    | Found a huge runed gate.
 37304 | Dis:5    | Found a huge runed gate.
 37304 | Dis:5    | Found a huge runed gate.
 37304 | Dis:5    | Found a huge runed gate.
 37674 | Dis:7    | Entered Level 7 of the Iron City of Dis
 37905 | Dis:7    | Reached skill level 10 in Evocations
 38031 | Dis:7    | Noticed Dispater
 38057 | Dis:7    | Got an iron rune of Zot
 38189 | Hell     | Found a gateway to the freezing wastes of Cocytus.
 38209 | Coc:1    | Entered Level 1 of Cocytus
 38353 | Coc:7    | Entered Level 7 of Cocytus
 39090 | Coc:7    | Noticed Antaeus
 39104 | Coc:7    | Got an icy rune of Zot
 39231 | Hell     | Found a gateway to the decaying netherworld of Tartarus.
 39344 | Tar:1    | Entered Level 1 of Tartarus
 39537 | Tar:7    | Entered Level 7 of Tartarus
 39543 | Tar:7    | Upgraded the game from 0.17-a0-1830-g81820eb to 0.17-a0-1831-gaadb308
 39600 | Tar:7    | Noticed the Serpent of Hell
 39658 | Tar:7    | Killed the Serpent of Hell
 39772 | Tar:7    | Noticed Ereshkigal
 39779 | Tar:7    | Got a bone rune of Zot
 39866 | Hell     | Found a gateway to the ashen valley of Gehenna.
 39902 | Geh:1    | Entered Level 1 of Gehenna
 40045 | Geh:7    | Entered Level 7 of Gehenna
 40343 | Geh:7    | Reached skill level 27 in Polearms
 40577 | Geh:7    | Gained mutation: You are dopey. (Int -2) [mutagenic glow]
 40803 | Geh:7    | Noticed Asmodeus
 40806 | Geh:7    | Got an obsidian rune of Zot
 40811 | Geh:7    | HP: 9/221 [Brimstone Fiend/blast of hellfire (42)]
 40816 | Geh:7    | Killed from afar by a Brimstone Fiend

Vault maps used:
D:1:      minmay_arrival_checkered_box
D:2:      elyvilon_altar_4, first_bread, minmay_box_of_dots
D:3:      wad_river_or_something, uniq_terence
D:4:      portal_sewer_entry_d, uniq_duvessa, uniq_sigmund, uniq_grinder
D:5:      old_standard_altar
D:7:      minmay_temple_entry_mist, david_defended_altar_orc
D:8:      uniq_maurice
D:9:      zin_angel, enter_bailey_3
D:10:     uniq_harold, uniq_grum, uniq_sonja, uniq_snorg
D:11:     david_lair_generic
D:12:     orc_david_3
D:13:     david_vaults_3
D:14:     tso_metal_star, blue_anna_alchemist, hangedman_weighted_door,
          uniq_azrael
D:15:     grunt_enter_depths_hoard, hangedman_abyss_or_decor_slice,
          serial_shops, nicolae_shop_crystal, nicolae_shop_statue_plus,
          shop_statue, serial_glass, glass_columns_a, glass_columns_a,
          st_stairs_7
Temple:   nicolae_temple_x_marks_the_god_16
Lair:1:   lemuel_fruit_fields
Lair:2:   kennysheep_abandoned_house, serial_bayou_lagoon_a, grunt_megastairs_1,
          infiniplex_staircase_pool_2
Lair:3:   spider_nest_entry_web_field, lab_entry_generic
Lair:4:   bh_chokoban, grunt_megastairs_3
Lair:5:   nicolae_swamp_entry_splash_gauntlet
Lair:6:   dpeg_slime_entry_corner, grunt_megastairs_4
Lair:7:   bh_autumn_forest_stairs, lemuel_fruit_tree
Lair:8:   minmay_lair_end_frog_pond, guppyfry_lair_drakes
Swamp:1:  serial_swamp_ruin, evilmike_swamp_ruin_house_2,
          evilmike_swamp_ruin_house_6
Swamp:2:  evilmike_swamp_ruin_house_5, infiniplex_staircase_pool, uniq_louise
Swamp:3:  evilmike_swamp_ruin_house_4, swamp_pool4, uniq_mara, uniq_kirke
Swamp:4:  swamp_alternative
Spider:1: spiders_nest_wasp_nest
Spider:2: nicolae_spider_cling_ruins
Spider:4: grunt_spider_rune_circles
Slime:2:  nicolae_slime_welcoming_committee
Vaults:1: ontoclasm_vaults_shout, nicolae_vaults_diagonal_hallway_8,
          hangedman_vaults_trim, nicolae_vaults_ring_of_whatevers,
          nicolae_vaults_asterisk, nicolae_vaults_little_squares_5, uniq_nikola,
          uniq_saint_roka
Vaults:2: vaults_dpeg_encased_lava, vaults_room_door_ring, hangedman_vaults_hat,
          nicolae_vaults_know_your_exits, nicolae_vaults_twisting_passages,
          grunt_vaults_hallway_long, v_misc_28, v_misc_11,
          vaults_room_semicircle, hangedman_vaults_cutoff, ontoclasm_vaults_eye,
          basic_altar, serial_shops, shop
Vaults:3: sword_in_stone, hangedman_vaults_locks, blue_anna_dwarven_crypt,
          vaults_standard_mumra_lines, v_misc_30, dpeg_vaults_monster_row,
          grunt_vaults_hallway_long, v_misc_1, v_misc_2, vaults_room_door_ring,
          vaults_room_hallway, vaults_room_grid, nicolae_vaults_little_ls
Vaults:4: ontoclasm_vaults_ligature, hangedman_vaults_stretched_pinwheel,
          hangedman_vaults_cutoff, grunt_vaults_hallway_short,
          nicolae_vaults_circle_grid_a, nicolae_vaults_border_crossing,
          stair_cage_open, ontoclasm_vaults_decontamination,
          nicolae_vaults_circle_grid_a, ontoclasm_vaults_spin,
          nicolae_vaults_theta, nicolae_vaults_little_squares_5
Crypt:1:  uniq_wiglaf
Crypt:2:  minmay_misc_feat_alley
Crypt:3:  grunt_crypt_end_deaths_head
Tomb:2:   uniq_khufu
Tomb:3:   uniq_jorgrun
Depths:1: lightli_too_deep, pan_entry, nicolae_wwwww, moated_statue,
          nemelex_diamond_rough_becter
Depths:2: grunt_house_of_mirrors, enter_ziggurat_b, hell_entry, pan_entry,
          minivault_14, infiniplex_staircase_diamond
Depths:3: minmay_skeleton_keep, pan_entry, hell_entry,
          infiniplex_staircase_pillars_3a, grunt_megastairs_2, uniq_margery
Depths:4: minmay_crystal_thing, minmay_misc_feat_hallway,
          grunt_hell_entry_dis_old, nicolae_abyss_entry_one_way_or_another,
          grunt_pan_entry_zigzag, minmay_staircase_statues_hall_small,
          serial_bayou_shore_b, uniq_enchantress, uniq_sojobo
Depths:5: grunt_runaround, hell_entry, serial_shops
Dis:2:    door_vault
Dis:4:    hangedman_dis_decor_blocks_mantle, nrook_loot_triangle,
          hangedman_dis_decor_tower, hangedman_player_shredder
Dis:5:    door_vault
Dis:7:    dis_st
Geh:4:    nicolae_geh_sunburst
Geh:5:    lemuel_elevator
Geh:7:    geh_grunt
Coc:3:    nicolae_coc_three_mouths, grunt_megastairs_5
Coc:5:    serial_ice, serial_ice_c, serial_ice_n, serial_ice_a, serial_ice_i,
          serial_ice_m, serial_ice_h, ice2_lemuel
Coc:7:    coc_hangedman
Tar:7:    tar_grunt_ereshkigal, tar_grunt_big_loot, tar_grunt_small_loot,
          tar_grunt_small_loot, tar_grunt_small_loot, tar_grunt_decor_6,
          tar_grunt_decor_cross_diag, nicolae_tar_cuneiform_sun,
          tar_grunt_small_decor_pillar, tar_grunt_small_decor_pillar,
          tar_grunt_decor_cross_ortho, tar_grunt_small_decor_pillar,
          tar_grunt_decor_circle_5, nicolae_tar_cuneiform_city,
          tar_grunt_decor_1, tar_grunt_small_decor_pillar, tar_grunt_decor_8,
          tar_grunt_decor_cross_ortho, tar_grunt_small_decor_pillar,
          tar_grunt_decor_6
Abyss:1:  hangedman_abyss_overflow_altar, evilmike_abyss_exit_14
Abyss:2:  bh_silent_lugonu_exit
Abyss:3:  evilmike_abyss_exit_disperse, nicolae_abyss_rune_more_like_crabyss,
          evilmike_abyss_exit_plants
Abyss:4:  eino_small_chamber_without_monster, hangedman_relentless_pull,
          evilmike_abyss_rune_elephants, hangedman_decor_riveting
Abyss:5:  evilmike_abyss_rune_curve, evilmike_abyss_exit_2
Pan:      grunt_pan_spiral, grunt_pan_frozen_over, pan_blood_fountain_small,
          grunt_pan_spiral, nicolae_pan_mnolegish_5, evilmike_mini_pan_T,
          evilmike_mini_pan_3x3, enter_ziggurat_pan_c, evilmike_mini_pan_T,
          pan_blood_fountain_small, grunt_pan_sceptre, nicolae_pan_door_chamber,
          uniq_mennas_pan, rand_demon_6, pan_blood_fountain_small,
          enter_ziggurat_pan_d, nicolae_pan_lom_lobonic_4, grunt_pan_pentagram,
          enter_ziggurat_pan_b, evilmike_mini_pan_corridor, pan_surprise,
          rand_demon_5, evilmike_mini_pan_thingy, mnoleg_st,
          pan_blood_fountain_2, nicolae_pan_double_arrow,
          evilmike_mini_pan_diamond, nicolae_pan_sigil_itan,
          nicolae_pan_mnolegish_1, pan_disco_hall, pan_blood_fountain_small,
          uniq_mnoleg, grunt_pan_in_and_out, lom_lobon_grunt,
          pan_blood_fountain, enter_ziggurat_pan_a, evilmike_cerebov_lava,
          reaverb_pan_figure_eight, evilmike_mini_pan_corner,
          nicolae_pan_cerebovesque_3, evilmike_mini_pan_layers,
          pan_blood_fountain, nicolae_pan_lom_lobonic_2, rand_demon_3,
          uniq_cerebov, nicolae_pan_double_arrow, nicolae_pan_gloorx_vloqian_2,
          nicolae_pan_performance_anxiety, pan_blood_fountain_small,
          evilmike_mini_pan_corridor, pan_blood_fountain_small, uniq_mennas_pan,
          rand_demon_8, grunt_pan_in_and_out, evilmike_mini_pan_thingy,
          uniq_cerebov, enter_ziggurat_pan_d, nicolae_pan_cerebovesque_2,
          reaverb_pan_chaos_star, reaverb_pan_squares, gloorx_vloq_st,
          uniq_mnoleg, evilmike_mini_pan_pillars, pan_blood_fountain,
          pan_blood_fountain_small, enter_ziggurat_pan_d,
          evilmike_mini_pan_diamond, nicolae_pan_double_arrow, rand_demon_8,
          nicolae_pan_gloorx_vloqian_2, evilmike_mini_pan_pillars_b,
          pan_blood_fountain, uniq_gloorx_vloq, uniq_mennas_pan,
          grunt_pan_pentagram, uniq_mnoleg, uniq_gloorx_vloq, uniq_mennas_pan,
          evilmike_mini_pan_doors, pan_blood_fountain, evilmike_mini_pan_layers,
          uniq_mnoleg, nicolae_pan_lom_lobonic_2, evilmike_mini_pan_corridor,
          uniq_gloorx_vloq, rand_demon_5, pan_blood_fountain,
          enter_ziggurat_pan_c, grunt_pan_sceptre, evilmike_mini_pan_corner,
          evilmike_mini_pan_doors_b, nicolae_pan_sigil_itan,
          nicolae_pan_door_chamber, uniq_cerebov, uniq_mennas_pan,
          nicolae_pan_hourglass, uniq_mennas_pan, evilmike_mini_pan_doors_b,
          uniq_gloorx_vloq, uniq_cerebov, enter_ziggurat_pan_c,
          evilmike_mini_pan_pillars_b, uniq_cerebov,
          evilmike_mini_pan_possible_glass, enter_ziggurat_pan_d,
          evilmike_mini_pan_possible_glass, uniq_cerebov, pan_blood_fountain_2,
          rand_demon_8, pan_blood_fountain_small, uniq_cerebov,
          evilmike_mini_pan_pillars_b, pan_blood_fountain_2,
          enter_ziggurat_pan_b, pan_blood_fountain, uniq_cerebov,
          nicolae_pan_cerebovesque_2, nicolae_pan_strange_glyphs,
          evilmike_mini_pan_diamond, uniq_gloorx_vloq, pan_blood_fountain_small,
          rand_demon_5, uniq_gloorx_vloq, uniq_cerebov,
          pan_blood_fountain_small, enter_ziggurat_pan_c,
          evilmike_mini_pan_layers, rand_demon_2, uniq_cerebov,
          pan_blood_fountain_small, lemuel_hellion_island
Lab:      nicolae_lab_statue, nicolae_lab_stuck, nicolae_lab_checkerboard,
          labyrinth_lava_lair, nicolae_lab_t_cross, labyrinth_skeletal_remains,
          nicolae_lab_blocks
Sewer:    sewer_co_tree
Bailey:   bailey_polearm_5, bailey

Action                   |  1- 3 |  4- 6 |  7- 9 | 10-12 | 13-15 | 16-18 | 19-21 | 22-24 | 25-27 || total
-------------------------+-------+-------+-------+-------+-------+-------+-------+-------+-------++-------
Melee: Mace              |     6 |       |       |       |       |       |       |       |       ||     6
       Dagger            |     3 |       |       |       |       |       |       |       |       ||     3
       Trident           |       |    40 |   376 |    52 |       |       |       |       |       ||   468
       Halberd           |       |       |       |   606 |   375 |       |       |       |       ||   981
       Demon trident     |       |       |       |       |   706 |  1328 |  1549 |       |       ||  3583
       Unarmed           |       |       |       |       |     3 |       |       |       |       ||     3
       Glaive            |       |       |       |       |       |       |   326 |    32 |       ||   358
       Bardiche          |       |       |       |       |       |       |       |  1555 |  2680 ||  4235
 Fire: Blowgun           |       |       |       |    49 |   133 |    20 |     2 |     3 |     1 ||   208
Throw: Stone             |       |       |    15 |     1 |       |       |       |       |       ||    16
       Tomahawk          |       |       |       |     9 |    11 |       |       |       |       ||    20
       Throwing net      |       |       |       |       |       |       |       |     2 |       ||     2
 Cast: Freeze            |    20 |    41 |    98 |   150 |    65 |       |       |       |       ||   374
       Ozocubu's Armour  |       |     1 |    23 |    57 |    64 |    49 |    64 |    54 |   120 ||   432
       Condensation Shie |       |       |     3 |    11 |    19 |    20 |    47 |    23 |    19 ||   142
       Repel Missiles    |       |       |     2 |     7 |       |       |       |       |       ||     9
       Summon Ice Beast  |       |       |       |    15 |    41 |    14 |       |     2 |       ||    72
       Blink             |       |       |       |       |    12 |     7 |     3 |    20 |    21 ||    63
       Haste             |       |       |       |       |    10 |    14 |    17 |    12 |    32 ||    85
       Regeneration      |       |       |       |       |    15 |    17 |    60 |    19 |    76 ||   187
       Spectral Weapon   |       |       |       |       |     2 |    52 |    51 |    76 |   125 ||   306
       Deflect Missiles  |       |       |       |       |       |     4 |     2 |     5 |    12 ||    23
       Silence           |       |       |       |       |       |       |    52 |    10 |       ||    62
       Aura of Abjuratio |       |       |       |       |       |       |    14 |     4 |     7 ||    25
       Apportation       |       |       |       |       |       |       |     1 |    50 |   101 ||   152
       Song of Slaying   |       |       |       |       |       |       |       |    13 |     6 ||    19
       Warp Weapon       |       |       |       |       |       |       |       |     2 |     2 ||     4
       Passage of Golubr |       |       |       |       |       |       |       |       |    83 ||    83
       Summon Butterflie |       |       |       |       |       |       |       |       |    19 ||    19
       Invisibility      |       |       |       |       |       |       |       |       |     2 ||     2
Invok: Minor Destruction |       |       |       |     7 |     5 |       |       |       |       ||    12
       Major Destruction |       |       |       |     4 |     2 |     3 |     2 |       |    41 ||    52
       Greater Servant o |       |       |       |     3 |    19 |     7 |     1 |     1 |     3 ||    34
 Abil: Evoke Teleportati |       |       |       |       |       |       |       |    21 |   231 ||   252
       Stop Singing      |       |       |       |       |       |       |       |       |     1 ||     1
       Evoke Flight      |       |       |       |       |       |       |       |       |     2 ||     2
Evoke: Wand              |       |       |       |     4 |     7 |     9 |     1 |     5 |    19 ||    45
       Phial of floods   |       |       |       |       |     3 |     1 |     4 |     2 |     6 ||    16
       Fan of gales      |       |       |       |       |     1 |     1 |     3 |     1 |     3 ||     9
       Deck              |       |       |       |       |       |     1 |     2 |     1 |     3 ||     7
       Staff of energy   |       |       |       |       |       |       |       |     9 |   117 ||   126
       Rod               |       |       |       |       |       |       |       |       |    14 ||    14
       Lamp of fire      |       |       |       |       |       |       |       |       |     3 ||     3
       Horn of Geryon    |       |       |       |       |       |       |       |       |     1 ||     1
  Use: Scroll            |       |     7 |     9 |    13 |    25 |    15 |     7 |    21 |    43 ||   140
       Potion            |       |     1 |     3 |     4 |    12 |    13 |    12 |     3 |    32 ||    80
 Stab: Sleeping          |     3 |     4 |     8 |    17 |    42 |    23 |     7 |     7 |    56 ||   167
       Distracted        |       |       |     1 |     3 |    15 |    34 |    25 |    42 |    80 ||   200
       Confused          |       |       |       |       |    11 |       |       |       |       ||    11
       Invisible         |       |       |       |       |       |    12 |       |       |    10 ||    22
  Eat: Bread ration      |       |       |     1 |       |     4 |     6 |     3 |     2 |    13 ||    29
       Beef jerky        |       |       |     2 |     6 |       |     1 |     1 |     4 |     4 ||    18
       Chunk             |       |       |     3 |    10 |     2 |       |    13 |    13 |    17 ||    58
       Meat ration       |       |       |     1 |     3 |     3 |     1 |     3 |     3 |     6 ||    20
       Pizza             |       |       |     1 |     2 |       |     1 |       |     1 |     1 ||     6
       Fruit             |       |       |       |       |       |       |    12 |     3 |    42 ||    57
